 Dungeon Crawl Stone Soup version 0.31.0-9-g3a7656b989 (webtiles) character file.

Game seed: 16023782387656444512

56 qw the Shooter (level 3, -2/18 HPs)
             Began as a Spriggan Hunter on Feb 2, 2024.
             Slain by Robin
             ... wielding a +0 mace
              (7 damage)
             ... on level 2 of the Dungeon.
             The game lasted 00:00:04 (1057 turns).

qw the Shooter (Spriggan Hunter)                    Turns: 1057, Time: 00:00:04

Health: -2/18      AC:  2    Str:  7    XL:     3   Next: 69%
Magic:  4/4        EV: 19    Int: 10    God:
Gold:   104        SH:  0    Dex: 20    Spells: 2/2 levels left

rFire   . . .        a - +0 shortbow
rCold   . . .        (shield currently unavailable)
rNeg    . . .        c - +0 robe
rPois   .            (helmet restricted)
rElec   .            (no cloak)
rCorr   .            (gloves unavailable)
SInv    +            (boots unavailable)
Will    .....        (no amulet)
Stlth   ++           (no ring)
HPRegen 0.23/turn    (no ring)
MPRegen 0.09/turn

%: no passive effects
@: very quick
A: very small, no large weapons, unfitting armour, see invisible, speed 3
a: no special abilities


You were on level 2 of the Dungeon.
You visited 1 branch of the dungeon, and saw 2 of its levels.

You collected 104 gold pieces.


Innate Abilities, Weirdness & Mutations

You are very small and have problems with some larger weapons.
You are too small for most types of armour.
You have supernaturally acute eyesight. (SInv)
You cover ground extremely quickly. (Speed+++)


   Skills:
 - Level 1.5 Fighting
 + Level 4.9 Ranged Weapons
 - Level 4.0 Dodging
 - Level 1.5 Stealth


You had 2 spell levels left.
You didn't know any spells.
Your spell library was empty.

Inventory:

Hand Weapons
 a - a +0 shortbow (weapon)
Armour
 c - a +0 robe (worn)
Scrolls
 b - a scroll of identify {unknown}
 e - a scroll of enchant armour
 h - a scroll of summoning {unknown}
Potions
 d - a potion of attraction {unknown}
 f - 2 potions of lignification {unknown}
 g - a potion of mutation {unknown}

Dungeon Overview and Level Annotations

Branches:
Dungeon (2/15)

Altars:

Annotations:
D:2 Robin


Message History

You shoot an arrow. The arrow hits the hobgoblin.
The hobgoblin is severely wounded.
The goblin misses you. The hobgoblin closely misses you.
You shoot an arrow. The arrow hits the hobgoblin.
You kill the hobgoblin!
The goblin misses you. The goblin completely misses you.
Robin roars a battlecry!
The goblins go into a battle-frenzy!
The goblin hits you but does no damage. The goblin completely misses you.
You shoot an arrow. The arrow hits the goblin.
You kill the goblin!
The goblin completely misses you.
You shoot an arrow. The arrow closely misses the goblin.
A goblin comes into view. It is wielding a +0 dagger.
The goblin hits you with a +0 dagger.
You shoot an arrow. The arrow hits the goblin.
The goblin is moderately wounded.
A hobgoblin comes into view.
The goblin misses you.
You shoot an arrow. The arrow hits the goblin!
You kill the goblin!
Robin roars a battlecry!
The hobgoblin goes into a battle-frenzy!
You hear a shout!
You shoot an arrow.
The arrow hits Robin but does no damage.
A goblin comes into view. It is wielding a +0 club.
Robin roars a battlecry!
The goblin goes into a battle-frenzy!
You shoot an arrow. The arrow hits Robin.
Robin is moderately wounded.
You shoot an arrow. The arrow hits Robin!
Robin is almost dead.
Robin misses you.
You shoot an arrow.
The arrow hits Robin but does no damage.
Robin is almost dead.
Robin hits you with a +0 mace. Robin hits you with a +0 mace!
You die...
Robin calls out, "Let's celebrate!
Time for a feast!"

###### ..#. .# #
.#.####.#####
#####
g............
......
.?...[.<.....
....#.
.g.....(....
...... .g.........
....#. #g)........
......
#@).............#.
#..%%.............
#.......... ....#.
#...(...... ......
###.####### ###...
#...# ##...
#.##### ####....
#.....#####.......
#####.#.....##....


You could see Robin, a hobgoblin (strong) and 2 goblins.

Vanquished Creatures
  An adder (D:2)
  5 ball pythons (D:1)
  3 bats
  2 endoplasms
  2 giant cockroaches (D:1)
  10 goblins
  8 hobgoblins
  A kobold (D:1)
  2 quokkas (D:1)
  3 rats
37 creatures vanquished.

Notes
Turn   | Place    | Note
-------+----------+-------------------------------------------
     0 | D:1      | qw the Spriggan Hunter began the quest for the Orb.
     0 | D:1      | Reached XP level 1. HP: 10/10 MP: 2/2
     0 | D:1      | 0 ||| qw: Version: 0.3-a-155-g5e7d8dd
     0 | D:1      | 0 ||| qw: Game counter: 2744
     0 | D:1      | 0 ||| qw: Melee chars always use a shield: true
     0 | D:1      | 0 ||| qw: God list: Okawaru
     0 | D:1      | 0 ||| qw: Allow faded altars: false
     0 | D:1      | 0 ||| qw: Do Orc after clearing Dungeon:15 true
     0 | D:1      | 0 ||| qw: Do second Lair branch before Depths: true
     0 | D:1      | 0 ||| qw: Lair rune preference: random
     0 | D:1      | 0 ||| qw: Goals: Normal
     0 | D:1      | 0 ||| PLANNING D:1-11
    59 | D:1      | Reached skill level 3 in Dodging
   152 | D:1      | Reached XP level 2. HP: 14/14 MP: 3/3
   805 | D:1      | 805 ||| READING 2 scrolls labelled CYEMELE NAGU.
   805 | D:1      | 805 ||| ENCHANTING +0 shortbow.
   806 | D:1      | 806 ||| DROPPING scroll of butterflies.
   837 | D:2      | Reached XP level 3. HP: 17/18 MP: 4/4
   969 | D:2      | 969 ||| READING scroll labelled WUPLISYISHUMNA.
   972 | D:2      | 972 ||| FLEEEEING.
   973 | D:2      | 973 ||| FLEEEEING.
   974 | D:2      | 974 ||| FLEEEEING.
  1045 | D:2      | Noticed Robin
  1057 | D:2      | Slain by Robin

Levels and vault maps discovered:
D:1:      tarquinn_simple_flora_water_c, layout_loops_corners,
          minmay_pentomino_t2
D:2:      minmay_angry_zag, layout_basic, serial_glass, glass_columns_c,
          glass_columns_a, uniq_robin, uniq_jessica, uniq_crazy_yiuf_cottage

Skill      XL: |  1  2 |
---------------+-------+-----
Dodging        | 3 4 |  4.0
Fighting       | |  1.5
Ranged Weapons | |  4.9
Stealth        | |  1.5

Action                     || total
---------------------------++-------
   Fire: Shortbow          ||    99
    Use: Scroll            ||     2
 Armour: Robe              ||    16
  Dodge: Dodged            ||    42

Table legend:
 A = Non-vault XP
 B = Vault XP
 C = Vault XP percentage of total XP
 D = Non-vault monster count
 E = Vault monster count
 F = Vault count percentage of total count
                 A         B        C        D         E       F
            +---------+---------+-------+---------+---------+-------
      Total |      47 |      33 |  41.2 |      25 |      12 |  32.4
            +---------+---------+-------+---------+---------+-------
        D:1 |      36 |       2 |   5.3 |      19 |       1 |   5.0
        D:2 |      11 |      31 |  73.8 |       6 |      11 |  64.7
            +---------+---------+-------+---------+---------+-------
